 Dungeon Crawl Stone Soup version 0.21-a0-352-g5b8f553 (webtiles) character file.

9170 Ijustatesigmund the Commander (level 11, -3/60 HPs)
             Began as a Vine Stalker Assassin on Oct 10, 2017.
             Was a High Priest of Okawaru.
             Slain by a cyan ugly thing (12 damage)
             ... on level 11 of the Dungeon.
             The game lasted 00:29:20 (9488 turns).

Ijustatesigmund the Commander (VSAs)                Turns: 9488, Time: 00:29:21

Health: -3/60      AC: 19    Str: 13    XL:     11   Next: 42%
Magic:  0/18       EV: 15    Int: 19    God:    Okawaru [*****.]
Gold:   414        SH:  2    Dex: 18    Spells: 10/10 levels left

rFire    . . .     SeeInvis .   a - +9 dagger
rCold    + + .     Gourm    .   (no shield)
rNeg     . . .     Faith    .   b - +5 ring mail "Trusted Companion" {*Slow rC+ MR+ rCorr}
rPois    .         Spirit   +   s - +0 helmet
rElec    .         Reflect  +   O - +1 cloak {MR+}
rCorr    +         Harm     .   j - +0 pair of gloves
MR       +++..                  (no boots)
Stlth    ++++......             u - +2 amulet of reflection
HPRegen  0.60/turn              k - +2 ring of protection
MPRegen  0.16/turn              x - +6 ring of intelligence

@: heroism
A: fangs 3, blurry vision 1, cold resistance 1, regeneration 1, magic shield,
antimagic bite, no potion heal 3, rot immunity
a: Heroism, Finesse, Renounce Religion


You were on level 11 of the Dungeon.
You worshipped Okawaru.
Okawaru was extremely pleased with you.
You were not hungry.

You visited 1 branch of the dungeon, and saw 11 of its levels.

You collected 438 gold pieces.
You spent 24 gold pieces at shops.

Inventory:

Hand Weapons
 a - a +9 dagger (weapon)
 I - a +4 rapier of holy wrath
Missiles
 d - 4 steel javelins (quivered)
 e - 82 poisoned needles
 f - 10 curare-tipped needles
 m - 178 bolts
Armour
 b - the +5 ring mail "Trusted Companion" (worn) {*Slow rC+ MR+ rCorr}
   (You found it on level 6 of the Dungeon)

   It protects you from cold.
   It affects your resistance to hostile enchantments.
   It protects you from acid and corrosion.
   It may slow you when you take damage.
 j - a +0 pair of gloves (worn)
 s - a +0 helmet (worn)
 B - a +1 leather armour of cold resistance
 O - a +1 cloak of magic resistance (worn)
Jewellery
 k - a +2 ring of protection (left hand)
 t - an uncursed ring of positive energy
 u - a +2 amulet of reflection (around neck)
 x - a +6 ring of intelligence (right hand)
Wands
 c - a wand of paralysis (7/24)
 C - a wand of random effects (0/48)
 N - a wand of iceblast (8/15)
Scrolls
 i - 2 scrolls of amnesia
 l - 3 scrolls of immolation
 o - 7 scrolls of remove curse
 w - a scroll of fog
 y - 2 scrolls of teleportation
 K - a scroll of identify
Potions
 n - 3 potions of curing
 p - a potion of invisibility
 q - a potion of brilliance
 r - 2 potions of lignification
 v - 4 potions of flight
 z - a potion of might
 A - a potion of resistance
 F - a potion of cancellation
 H - a potion of berserk rage
 L - 2 potions of agility
 M - a potion of haste {unknown}
Books
 D - a book of Debilitation

   Spells                             Type                      Level
   a - Corona                         Hexes                        1
   b - Slow                           Hexes                        2
   c - Inner Flame                    Hexes/Fire                   3
   d - Portal Projectile              Hexes/Translocation          3
   e - Cause Fear                     Hexes                        4
   f - Leda's Liquefaction            Hexes/Earth                  4
 G - a book of Frost

   Spells                             Type                      Level
   a - Freeze                         Ice                          1
   b - Throw Frost                    Conjuration/Ice              2
   c - Ozocubu's Armour               Charms/Ice                   3
   d - Throw Icicle                   Conjuration/Ice              4
   e - Summon Ice Beast               Ice/Summoning                4
Comestibles
 g - 5 bread rations
 h - 13 royal jellies
 E - 2 meat rations
 J - 8 fruits


   Skills:
 + Level 8.5(13.5) Fighting
 - Level 8.3(13.3) Short Blades
 + Level 3.0(8.0) Throwing
 - Level 5.6(10.6) Armour
 - Level 2.3(7.3) Dodging
 - Level 6.5(11.5) Stealth
 + Level 8.6 Invocations


You had 10 spell levels left.
You didn't know any spells.

Dungeon Overview and Level Annotations

Branches:
Dungeon (11/15)            Temple (0/1) D:7            Lair (0/6) D:9
    Orc: D:9-12

Altars:
Ashenzari
Dithmenos
Fedhas
Gozag
Kikubaaqudgha
Nemelex Xobeh
Okawaru
Qazlal
Ru
Uskayaw
Vehumet
Wu Jian
Yredelemnul

Shops:
D:9 *


Innate Abilities, Weirdness & Mutations

You have razor-sharp teeth.
Your natural rate of healing is unusually fast.
When hurt, damage is shared between your health and your magic reserves.
Your bite disrupts and absorbs the magic of your enemies.
Potions cannot restore your health.
You are immune to rotting.
Scrolls take you a little longer to read.
Your flesh is cold resistant. (rC+)


Message History

The cyan ugly thing is moderately wounded.
You hit the cyan ugly thing.
The cyan ugly thing is heavily wounded.
The cyan ugly thing barely misses you.
The bullfrog snags a nearby moth with its tongue.
You hit the cyan ugly thing. Your bite misses the cyan ugly thing.
The cyan ugly thing is heavily wounded.
You puncture the cyan ugly thing! Your bite misses the cyan ugly thing.
The cyan ugly thing is heavily wounded.
The cyan ugly thing gores you. The cyan ugly thing shocks you!
* * * LOW HITPOINT WARNING * * *
You puncture the cyan ugly thing! You bite the cyan ugly thing!
You drain its power.
You feel invigorated.
The cyan ugly thing is almost dead.
You hit the cyan ugly thing.
The cyan ugly thing is almost dead.
The cyan ugly thing gores you!
* * * LOW HITPOINT WARNING * * *
The cyan ugly thing shocks you!
You die...

#############
#.........#..
.
#.#######.#.#
#(# #.#
#@#.##....
#.#
#u#..F####
#.#
#F(.......
#.#
###...####
#.# ..## #.#
..# #.# ...
#.# #.## #.#
.#


You could see a cyan ugly thing and a bullfrog.

Vanquished Creatures
  A two-headed ogre (D:10)
  An unseen horror (D:10)
  An ugly thing (D:9)
  Psyche (D:9)
  Joseph (D:10)
  Maurice (D:10)
  3 hornets
  A hippogriff (D:11)
  A shadow (D:10)
  A steam dragon (D:8)
  Grum (D:8)
  A hungry ghost (D:8)
  Edmund (D:6)
  A soldier ant (D:9)
  2 porcupines (D:9)
  3 orc warriors
  2 black bears
  A phantom (D:10)
  2 sky beasts
  4 ice beasts
  2 wolves (D:8)
  An eye of draining (D:11)
  A necrophage (D:10)
  6 ogres
  2 centaurs (D:10)
  3 crocodiles
  3 big kobolds
  2 bullfrogs
  A water moccasin zombie (D:6)
  3 scorpions
  5 killer bees (D:10)
  7 wights
  A howler monkey (D:5)
  2 crimson imps
  3 bullfrog zombies
  2 centaur zombies
  7 hounds
  8 orc wizards
  A quasit (D:7)
  A centaur skeleton (D:6)
  7 orc priests
  A bullfrog skeleton (D:10)
  6 iguanas
  8 worker ants
  A worker ant zombie (D:10)
  A howler monkey zombie (D:8)
  9 adders
  2 shadow imps
  2 oozes
  An adder skeleton (D:8)
  A dart slug (D:3)
  2 worms
  4 leopard geckos
  43 orcs
  2 ball pythons (D:1)
  4 bats
  2 giant cockroaches
  8 goblins
  12 hobgoblins
  14 jackals
  23 kobolds
  5 quokkas
  2 frilled lizards
  A leopard gecko skeleton (D:7)
  A quokka zombie (D:5)
  5 rats
258 creatures vanquished.

Vanquished Creatures (others)
  A fungus (D:9)
1 creature vanquished.

Grand Total: 259 creatures vanquished

Notes
Turn   | Place    | Note
-------+----------+-------------------------------------------
     0 | D:1      | Ijustatesigmund the Vine Stalker Assassin began the quest for the Orb.
     0 | D:1      | Reached XP level 1. HP: 11/11 MP: 2/2
   295 | D:1      | Reached XP level 2. HP: 15/15 MP: 3/3
   912 | D:1      | Reached XP level 3. HP: 19/19 MP: 4/4
  2149 | D:2      | Reached skill level 5 in Stealth
  2149 | D:2      | Gained mutation: Your natural rate of healing is unusually fast. [Vine Stalker growth]
  2149 | D:2      | Reached XP level 4. HP: 14/23 MP: 3/5
  2413 | D:3      | Noticed an ogre
  2430 | D:3      | Killed an ogre
  2430 | D:3      | Reached XP level 5. HP: 28/28 MP: 6/6
  2673 | D:3      | Gained mutation: Scrolls take you a little longer to read. [potion of mutation]
  2673 | D:3      | Gained mutation: Your flesh is cold resistant. (rC+) [potion of mutation]
  3011 | D:3      | Reached XP level 6. HP: 23/33 MP: 4/7
  3192 | D:4      | Found a sacrificial altar of Ru.
  3957 | D:5      | Entered Level 5 of the Dungeon
  4095 | D:5      | Found a stormy altar of Qazlal.
  4209 | D:5      | Found an opulent altar of Gozag.
  4213 | D:5      | Reached XP level 7. HP: 37/37 MP: 8/8
  4531 | D:6      | Found a radiant altar of Vehumet.
  4597 | D:6      | Found a hide-covered altar of Uskayaw.
  4666 | D:6      | Found a shattered altar of Ashenzari.
  4724 | D:6      | Reached skill level 1 in Dodging
  4738 | D:6      | Reached skill level 5 in Fighting
  4738 | D:6      | Reached skill level 5 in Short Blades
  4738 | D:6      | Gained mutation: You have razor-sharp teeth. [Vine Stalker growth]
  4738 | D:6      | Reached XP level 8. HP: 38/43 MP: 9/9
  4909 | D:6      | Got a warped ring mail
  4915 | D:6      | Identified the +5 ring mail "Trusted Companion" {*Slow rC+ MR+ rCorr} (You found it on level 6 of the Dungeon)
  4958 | D:6      | Found Josyacwu's General Store.
  5140 | D:6      | Found an iron altar of Okawaru.
  5166 | D:6      | Became a worshipper of Warmaster Okawaru
  5201 | D:6      | Reached skill level 1 in Armour
  5248 | D:6      | Noticed Edmund
  5255 | D:6      | Killed Edmund
  5266 | D:6      | Found a sparkling altar of Nemelex Xobeh.
  5417 | D:7      | Found a basalt altar of Yredelemnul.
  5440 | D:7      | Reached * piety under Okawaru
  5457 | D:7      | Found a shadowy altar of Dithmenos.
  5491 | D:7      | Reached XP level 9. HP: 28/48 MP: 8/10
  5880 | D:7      | Found a blossoming altar of Fedhas.
  5881 | D:7      | Found an ancient bone altar of Kikubaaqudgha.
  5971 | D:7      | Found a staircase to the Ecumenical Temple.
  6489 | D:8      | Noticed Grum
  6494 | D:8      | Reached ** piety under Okawaru
  6504 | D:8      | Killed Grum
  6786 | D:8      | Reached XP level 10. HP: 55/55 MP: 11/11
  6792 | D:8      | Found an ornate altar of the Wu Jian Council.
  7024 | D:9      | Identified a scroll of acquirement
  7062 | D:9      | Noticed Psyche
  7083 | D:9      | Killed Psyche
  7083 | D:9      | Reached *** piety under Okawaru
  7083 | D:9      | Reached skill level 5 in Armour
  7132 | D:9      | Found Noadei's General Store.
  7140 | D:9      | Bought a scroll of identify for 24 gold pieces
  7473 | D:9      | Found a staircase to the Lair.
  7476 | D:9      | Reached skill level 1 in Invocations
  7575 | D:9      | Noticed a purple ugly thing
  7585 | D:9      | Killed a purple ugly thing
  7673 | D:9      | Found a hide-covered altar of Uskayaw.
  7923 | D:10     | Entered Level 10 of the Dungeon
  7990 | D:10     | Noticed Maurice
  8009 | D:10     | Killed Maurice
  8009 | D:10     | Reached **** piety under Okawaru
  8054 | D:10     | Noticed a two-headed ogre
  8064 | D:10     | Killed a two-headed ogre
  8064 | D:10     | Reached skill level 5 in Invocations
  8088 | D:10     | Reached XP level 11. HP: 40/60 MP: 10/16
  8165 | D:10     | Noticed Joseph
  8173 | D:10     | Killed Joseph
  8181 | D:10     | Noticed a two-headed ogre
  8200 | D:10     | Killed an unseen horror
  8365 | D:10     | Reached ***** piety under Okawaru
  8686 | D:10     | Found a shattered altar of Ashenzari.
  9187 | D:10     | Received a gift from Okawaru
  9473 | D:11     | Noticed a cyan ugly thing
  9488 | D:11     | Slain by a cyan ugly thing

Vault maps used:
D:1:      ncdulo_lavacross
D:2:      first_bread, hangedman_decor_riveting
D:4:      lemuel_doored_altar
D:5:      grunt_qazlal_clouds, marbit_many_paths
D:6:      cheibrodos_ashenzari_chains, nicolae_overflow_crystal_walls,
          lemuel_coloured_pillars_altar, old_standard_altar,
          nemelex_xobeh_ov_fountains_minmay, serial_shops, shop, uniq_edmund
D:7:      grunt_temple_overflow_growth_and_decay,
          chequers_temple_overflow_statue_of_worship,
          minmay_temple_entry_overgrown, nicolae_sextant
D:8:      overflow_temple_1_default, uniq_grum
D:9:      grunt_lair_entry_orc_guard_hut, serial_shops, shop_fountains,
          basic_altar, hangedman_pestilent_swarm, serial_bayou_pond_e,
          uniq_psyche
D:10:     basic_altar, due_unseen_surprise, uniq_joseph, uniq_maurice
D:11:     david_orc_4

Skill      XL: |  1  2  3  4  5  6  7  8  9 10 11 |
---------------+----------------------------------+-----
Fighting       | 2 3 4 5 6 7 8 |  8.5
Short Blades   | 2 3 4 5 6 7 8 |  8.3
Stealth        | 5 6 |  6.5
Throwing       | 2 3 |  3.0
Dodging        | 1 2 |  2.3
Armour         | 2 4 5 |  5.6
Invocations    | 6 8 |  8.6

Action                   |  1- 3 |  4- 6 |  7- 9 | 10-12 || total
-------------------------+-------+-------+-------+-------++-------
Melee: Dagger            |   110 |   106 |   280 |   314 ||   810
       Bite              |    28 |    23 |    82 |    96 ||   229
       Punch             |       |       |       |     3 ||     3
 Fire: Blowgun           |       |     2 |       |       ||     2
Throw: Javelin           |       |       |       |     3 ||     3
Invok: Heroism           |       |       |     1 |     8 ||     9
Evoke: Wand              |       |       |       |    13 ||    13
  Use: Scroll            |    10 |     8 |     6 |     5 ||    29
       Potion            |       |     2 |     2 |       ||     4
 Stab: Sleeping          |     7 |    16 |    19 |    14 ||    56
       Distracted        |       |       |     1 |       ||     1
  Eat: Chunk             |     2 |     5 |    10 |     7 ||    24
       Royal jelly       |     1 |       |       |       ||     1
       Fruit             |       |       |     1 |     2 ||     3
Armor: Robe              |    30 |    15 |       |       ||    45
       Leather armour    |       |     4 |    13 |       ||    17
       Ring mail         |       |       |    92 |    92 ||   184
Dodge: Dodged            |    64 |    41 |   129 |   110 ||   344
Block: Other             |       |       |     1 |     8 ||     9
       Reflection        |       |       |       |     2 ||     2

Table legend:
 A = Spawn XP
 B = Non-spawn XP
 C = Spawn XP percentage of total XP
 D = Spawn monster count
 E = Non-spawn monster count
 F = Spawn count percentage of total count
 G = Total turns spent on level
                    A         B        C        D         E        F      G
               +---------+---------+-------+---------+---------+-------+---------
         Total |       0 |   13101 |   0.0 |       0 |     258 |   0.0 |  9488
               +---------+---------+-------+---------+---------+-------+---------
           D:1 |       0 |      46 |   0.0 |       0 |      25 |   0.0 |  1158
           D:2 |       0 |      45 |   0.0 |       0 |      14 |   0.0 |  1296
           D:3 |       0 |     305 |   0.0 |       0 |      26 |   0.0 |   711
           D:4 |       0 |     211 |   0.0 |       0 |      11 |   0.0 |   792
           D:5 |       0 |     188 |   0.0 |       0 |       8 |   0.0 |   546
           D:6 |       0 |     986 |   0.0 |       0 |      26 |   0.0 |   869
           D:7 |       0 |    1506 |   0.0 |       0 |      38 |   0.0 |   928
           D:8 |       0 |    1487 |   0.0 |       0 |      22 |   0.0 |   714
           D:9 |       0 |    2779 |   0.0 |       0 |      26 |   0.0 |   909
          D:10 |       0 |    4833 |   0.0 |       0 |      46 |   0.0 |  1354
          D:11 |       0 |     715 |   0.0 |       0 |      16 |   0.0 |   211
               +---------+---------+-------+---------+---------+-------+---------
